 Dungeon Crawl Stone Soup version 0.29-a0-559-g359e09b9d1 (webtiles) character file.

Game seed: 8847498213918581254

4 Lekart the Skirmisher (level 1, 0/19 HPs)
             Began as a Draconian Abyssal Knight on June 10, 2022.
             Was a Believer of Lugonu.
             Slain by a kobold
             ... wielding a +0 whip
              (3 damage)
             ... on level 1 of the Dungeon.
             The game lasted 00:00:19 (316 turns).

Lekart the Skirmisher (Draconian Abyssal Knight)     Turns: 316, Time: 00:00:20

Health: 0/19       AC:  4    Str: 15    XL:     1   Next: 50%
Magic:  2/2        EV: 12    Int: 10    God:    Lugonu [**....]
Gold:   108        SH:  0    Dex: 11    Spells: 0/0 levels left

rFire   . . .      SeeInvis .   a - +1 falchion
rCold   . . .      Faith    .   (no shield)
rNeg    . . .      Spirit   .   (body armour unavailable)
rPois   .          Reflect  .   (helmet restricted)
rElec   .          Harm     .   (no cloak)
rCorr   .          Rampage  .   (no gloves)
Will    .....                   (no boots)
Stlth   +.........              (no amulet)
HPRegen 0.06/turn               (no ring)
MPRegen 0.08/turn               (no ring)

@: no status effects
A: AC +4, unfitting armour, cold-blooded
a: Renounce Religion, Depart the Abyss, Bend Space


You were on level 1 of the Dungeon.
You worshipped Lugonu.
Lugonu was pleased with you.
You visited 1 branch of the dungeon, and saw 1 of its levels.
You visited the Abyss 1 time.

You collected 108 gold pieces.

Inventory:

Hand Weapons
 a - a +1 falchion (weapon)
Potions
 b - a potion of flight {unknown}
 c - a potion of might {unknown}


   Skills:
 + Level 3.4 Fighting
 + Level 2.0 Long Blades
 + Level 2.2 Dodging
 * Level 2.0 Invocations


You couldn't memorise any spells.
You didn't know any spells.
Your spell library contained the following spells:

 Spells                   Type           Power      Damage    Failure   Level
 Dazzling Flash           Conj/Hex       0%         N/A       75%         3
 Agony                    Necr           0%         N/A       100%        5
 Silence                  Hex/Air        0%         N/A       100%        5


Dungeon Overview and Level Annotations

Branches:
Dungeon (1/15)

Altars:


Innate Abilities, Weirdness & Mutations

Your plain brown scales are hard. (AC +4)
You cannot fit into any form of body armour.
You are cold-blooded and may be slowed by cold attacks.


Message History

The endoplasm completely misses you.
You barely miss the kobold.
Your tail-slap misses the kobold.
The kobold hits you with a +0 whip. The endoplasm freezes you.
You are frozen.
You feel yourself slow down. The endoplasm freezes you.
You are frozen.
* * * LOW HITPOINT WARNING * * *
The kobold barely misses you.
You are too injured to fight recklessly!
You are too injured to fight recklessly!
You are too injured to fight recklessly!
You are too injured to fight recklessly!
You are too injured to fight recklessly!
You are too injured to fight recklessly!
You are too injured to fight recklessly!
You are too injured to fight recklessly!
You are too injured to fight recklessly!
You are too injured to fight recklessly!
You are too injured to fight recklessly!
You are too injured to fight recklessly!
You are too injured to fight recklessly!
You are too injured to fight recklessly!
You are too injured to fight recklessly!
You are too injured to fight recklessly!
You are too injured to fight recklessly!
You are too injured to fight recklessly!
You are too injured to fight recklessly!
The kobold attacks as you move away! The kobold hits you with a +0 whip.
* * * LOW HITPOINT WARNING * * *
The endoplasm quivers.
The endoplasm barely misses you. The kobold attacks as you move away!
The kobold misses you. The kobold closely misses you.
You barely miss the kobold. The kobold closely misses you.
You hit the kobold.
The kobold is moderately wounded.
You feel yourself speed up. The kobold completely misses you.
The kobold hits you with a +0 whip.
You die...

.........#
.........#
....!.....
.........####
............#
.......?. ..#.#
........##....#
#....JK@#.
#....J#.#.###
#.###.#.#...# #
..#.#.[.#
..##.##..# ...
#.....#
#########.## ..
.....#.####### ...
..............+....


You could see 2 endoplasms and a kobold.

Vanquished Creatures
  A bat (D:1)
  A hobgoblin (D:1)
  2 rats (D:1)
4 creatures vanquished.

Notes
Turn   | Place    | Note
-------+----------+-------------------------------------------
     0 | Abyss:1  | Lekart the Draconian Abyssal Knight began the quest for the
                  | Orb.
     0 | Abyss:1  | Reached XP level 1. HP: 19/19 MP: 2/2
    56 | Abyss:1  | Noticed a wretched star
    57 | D:1      | Escaped the Abyss
   150 | D:1      | Reached ** piety under Lugonu
   279 | D:1      | Found a faded altar of an unknown god.
   316 | D:1      | Slain by a kobold

Illustrated notes

Levels and vault maps discovered:
D:1:      grunt_arrival_crossed_arrows, layout_basic,
          ebering_ecumenical_altar_rust

Action                   || total
-------------------------++-------
Melee: Falchion          ||    17
Invok: Depart the Abyss  ||     1
Armor: Skin              ||     5
Dodge: Dodged            ||    16

Table legend: (Time is in decaauts)
 A = Elapsed time spent in this place.
 B = Non-inter-level travel time spent in this place.
 C = Inter-level travel time spent in this place.
 D = Time resting spent in this place.
 E = Time spent auto-exploring this place.
 F = Levels seen in this place.
 G = Mean time per level.
                   A        B        C        D        E       F      G
               +--------+--------+--------+--------+--------+-----+--------+
         Total |    320 |    320 |      0 |      0 |    274 |   2 |  160.0 |
       Dungeon |    263 |    263 |      0 |      0 |    218 |   1 |  263.0 |
         Abyss |     57 |     57 |      0 |      0 |     56 |   1 |   57.0 |
               +--------+--------+--------+--------+--------+-----+--------+

Top non-repeatable levels by time:
     D:1: 263 daAuts
 Abyss:1: 57 daAuts
